 Dungeon Crawl Stone Soup version 0.28.0-47-ge53b351184 (webtiles) character file.

Game seed: 18427993013919197928

2947 101zpm the Cudgeller (level 9, -8/126 HPs)
             Began as a Troll Earth Elementalist on Apr 28, 2022.
             Was an Initiate of Cheibriados.
             Mangled by Duvessa
             ... wielding a +0 short sword
              (10 damage)
             ... on level 7 of the Dungeon.
             The game lasted 00:17:29 (6036 turns).

101zpm the Cudgeller (Troll Earth Elementalist)     Turns: 6036, Time: 00:17:30

Health: -8/126     AC: 28    Str: 24    XL:     9   Next: 51%
Magic:  4/11       EV:  1    Int: 22    God:    Cheibriados [......]
Gold:   331        SH:  0    Dex: 11    Spells: 11/12 levels left

rFire   . . .      SeeInvis .   q - +6 whip of the Witching Hero {flame, Str+5}
rCold   . . .      Faith    .   (no shield)
rNeg    . . .      Spirit   .   (armour currently unavailable)
rPois   +          Reflect  .   (helmet currently unavailable)
rElec   .          Harm     .   (cloak currently unavailable)
rCorr   .          Rampage  .   (gloves unavailable)
Will    .....      NoTele   +   (boots unavailable)
Stlth   ++........              (no amulet)
HPRegen 1.11/turn               a - +6 ring of intelligence
MPRegen 0.12/turn               n - +4 ring of protection

@: tree-form, very slow
A: stationary, stasis, torment immunity, boosted hp, large, unfitting armour,
(claws 3), regeneration 1, (shaggy fur 1), (tough skin 1)
a: Renounce Religion


You were on level 7 of the Dungeon.
You worshipped Cheibriados.
Cheibriados was noncommittal.
You were a tree.
You visited 2 branches of the dungeon, and saw 8 of its levels.

You collected 331 gold pieces.

Inventory:

Hand Weapons
 q - the +6 whip of the Witching Hero (weapon) {flame, Str+5}
   (You found it on level 3 of the Dungeon)

   It burns those it strikes, dealing additional fire damage.
   Str:       It affects your strength (+5).
Missiles
 c - 275 stones
 f - 2 boomerangs
 i - 5 javelins
Armour
 b - a +0 robe (melded)
Magical Staves
 x - a staff of air
Jewellery
 a - a +6 ring of intelligence (left branch)
 n - a +4 ring of protection (right branch)
 s - a ring of willpower
 u - a +4 ring of slaying
Wands
 A - a wand of polymorph (6)
 C - a wand of iceblast (13)
Scrolls
 d - 3 scrolls of teleportation {unknown}
 j - a scroll of blinking {unknown}
 l - a scroll of torment {unknown}
 o - 9 scrolls of identify {unknown}
 p - a scroll of fog {unknown}
 t - a scroll of amnesia {unknown}
 v - a scroll of noise {unknown}
 y - 2 scrolls of vulnerability {unknown}
 z - a scroll of silence {unknown}
 B - a scroll of immolation {unknown}
Potions
 e - 3 potions of might {unknown}
 h - 3 potions of lignification
 k - 2 potions of cancellation {unknown}
 m - a potion of brilliance {unknown}
 r - a potion of flight {unknown}
 w - a potion of magic {unknown}


   Skills:
 + Level 3.8 Fighting
 + Level 6.8 Maces & Flails
 + Level 5.2 Dodging
 + Level 2.5 Stealth
 + Level 3.7 Unarmed Combat
 + Level 2.4 Spellcasting
 + Level 0.6 Transmutations
 + Level 4.3 Earth Magic


You had 11 spell levels left.
You knew the following spells:

 Your Spells              Type           Power      Damage    Failure   Level
a - Sandblast             Erth           42%        2d11      2%          1

Your spell library contained the following spells:

 Spells                   Type           Power      Damage    Failure   Level
 Passwall                 Tmut/Erth      10%        N/A       8%          2
 Shock                    Conj/Air       8%         1d3       13%         1
 Stone Arrow              Conj/Erth      24%        3d8       16%         3
 Swiftness                Air            2%         N/A       36%         3
 Petrify                  Tmut/Erth      13%        N/A       43%         4
 Airstrike                Air            1%         N/A       78%         4


Dungeon Overview and Level Annotations

Branches:
Dungeon (7/15)             Temple (1/1) D:6

Altars:
Ashenzari
Cheibriados
Dithmenos
Elyvilon
Fedhas
Hepliaklqana
Kikubaaqudgha
Makhleb
Nemelex Xobeh
Okawaru
Qazlal
Ru
Sif Muna
Trog
Uskayaw
Vehumet
Wu Jian
Xom
Yredelemnul
Zin

Shops:
D:7 *

Annotations:
D:4 1 runed translucent door, Omnilove's ghost, amateur OpTm
D:7 Duvessa


Innate Abilities, Weirdness & Mutations

You are a tree.
Your roots penetrate the ground, keeping you stationary.
You cannot be teleported.
You are immune to unholy pain and torment.
Your maximum health is greatly increased.
Your equipment is partially melded.
You are too large for most types of armour.
((You have claws for hands.))
Your natural rate of healing is unusually fast.
((You are covered in fur. (AC +1)))
((You have tough skin. (AC +1)))


Message History

Aim: Duvessa, wielding a +0 short sword and wearing a +0 chain mail (heavily wounded, berserk, 88% to hit)
The blast of sand hits Duvessa but does no damage.
Duvessa is heavily wounded.
Duvessa hits you with a +0 short sword!
* * * LOW HITPOINT WARNING * * *
It was a potion of lignification.
You turn into a tree.
Your +0 robe melds into your body.
Your roots penetrate the ground.
Duvessa hits you but does no damage. x2
Unknown command.
You hit Duvessa but do no damage.
Duvessa is heavily wounded.
Duvessa hits you but does no damage.
You hit Duvessa. You burn Duvessa.
Duvessa is severely wounded.
Duvessa hits you but does no damage.
You barely miss Duvessa.
Duvessa is severely wounded.
Duvessa hits you with a +0 short sword.
* * * LOW HITPOINT WARNING * * *
Your magical contamination has completely faded away.
You barely miss Duvessa.
Duvessa is severely wounded.
Duvessa hits you but does no damage.
You hit Duvessa but do no damage.
Duvessa is severely wounded.
Duvessa hits you with a +0 short sword.
* * * LOW HITPOINT WARNING * * *
You barely miss Duvessa.
Duvessa is severely wounded.
Duvessa hits you with a +0 short sword!
* * * LOW HITPOINT WARNING * * *
Duvessa hits you but does no damage.
You hit Duvessa. You burn Duvessa.
Duvessa is severely wounded.
Duvessa hits you with a +0 short sword.
* * * LOW HITPOINT WARNING * * *
You closely miss Duvessa.
Duvessa is severely wounded.
Duvessa hits you with a +0 short sword!
You die...

#.... #... #...
#######...
#...#....#
.........#
.#.#....e+
#...#..)♣#
..∩......#
#...#...#######+###
.#.#....'.........#
........#.........#
........#.........#
........#.........#
........#....###..#
....##+##....###'##


You could see Duvessa (berserk).

Vanquished Creatures
  Pikel (D:6)
  Sigmund (D:5)
  Eustachio (D:3)
  A water moccasin (D:5)
  A sky beast (D:6)
  An ogre (D:3)
  An ice beast (D:7)
  2 black bears
  2 necrophages
  A centaur (D:6)
  A phantom (D:4)
  Blork the orc (D:4)
  7 scorpions
  Dowan (D:7)
  A water moccasin skeleton (D:4)
  2 centaur zombies
  3 hounds
  A jelly (D:5)
  3 orc priests (D:3)
  6 iguanas
  2 orc wizards
  2 hound skeletons
  7 adders
  6 gnolls
  2 shadow imps (D:5)
  An ufetubus (D:5)
  An adder skeleton (D:5)
  2 worms
  14 orcs
  3 bats (D:2)
  6 endoplasms
  6 giant cockroaches
  22 goblins
  7 hobgoblins
  2 jackals (D:4)
  6 ball pythons
  2 frilled lizards
  8 kobolds
  6 rats
  A spectral hobgoblin (D:2)
144 creatures vanquished.

Notes
Turn   | Place    | Note
-------+----------+-------------------------------------------
     0 | D:1      | 101zpm the Troll Earth Elementalist began the quest for the
                  | Orb.
     0 | D:1      | Reached XP level 1. HP: 16/16 MP: 1/1
   160 | D:1      | Reached XP level 2. HP: 21/23 MP: 2/2
   639 | D:2      | Reached XP level 3. HP: 31/31 MP: 4/4
   670 | D:2      | Found a faded altar of an unknown god.
   716 | D:2      | Reached skill level 1 in Unarmed Combat
  1706 | D:2      | Reached XP level 4. HP: 31/39 MP: 5/5
  1868 | D:3      | Reached XP level 5. HP: 42/45 MP: 6/6
  1880 | D:3      | Identified the +6 whip of the Witching Hero {flame, Str+5}
  2023 | D:3      | Found a snail-covered altar of Cheibriados.
  2023 | D:3      | Found a white marble altar of Elyvilon.
  2334 | D:4      | Noticed a phantom
  2356 | D:4      | Reached skill level 1 in Maces & Flails
  2356 | D:4      | Reached XP level 6. HP: 7/54 MP: 7/7
  2389 | D:4      | Reached skill level 1 in Fighting
  2421 | D:4      | Noticed Eustachio
  2427 | D:4      | Noticed Blork the orc
  2471 | D:3      | Reached skill level 2 in Maces & Flails
  2527 | D:3      | Killed Eustachio
  2528 | D:3      | Reached skill level 3 in Maces & Flails
  2528 | D:3      | Reached XP level 7. HP: 58/62 MP: 8/8
  2627 | D:4      | Found a runed translucent door.
  2673 | D:4      | Noticed Omnilove's ghost (amateur OpTm)
  2906 | D:4      | Killed Blork the orc
  3123 | D:5      | Entered Level 5 of the Dungeon
  3231 | D:5      | Reached XP level 8. HP: 67/72 MP: 10/10
  3427 | D:5      | Reached skill level 4 in Maces & Flails
  3644 | D:5      | Reached skill level 5 in Maces & Flails
  3711 | D:5      | Noticed Sigmund
  4283 | D:6      | Reached XP level 9. HP: 71/81 MP: 11/11
  4595 | D:6      | Found a staircase to the Ecumenical Temple.
  4896 | Temple   | Entered the Ecumenical Temple
  5129 | D:3      | Became a worshipper of Cheibriados the Contemplative
  5211 | D:5      | Found an iron altar of Okawaru.
  5547 | D:5      | Found a burning altar of Makhleb.
  5739 | D:5      | Killed Sigmund
  5740 | D:5      | Reached skill level 6 in Maces & Flails
  5801 | D:7      | Noticed Pikel
  5829 | D:6      | Killed Pikel
  5830 | D:6      | Reached skill level 5 in Dodging
  6003 | D:7      | Found Cusidgh's Overcharged Wands.
  6006 | D:7      | Noticed Duvessa
  6008 | D:7      | Noticed Dowan
  6012 | D:7      | Killed Dowan
  6034 | D:7      | HP: 3/126 [Duvessa/+0 short sword (17)]
  6035 | D:7      | HP: 1/126 [Duvessa/+0 short sword (2)]
  6036 | D:7      | Mangled by Duvessa

Illustrated notes

Levels and vault maps discovered:
D:1:      co_arrival_square_in_a_square_in_a_square, layout_basic,
          dk_noncrumbling_2, minmay_ruptured
D:2:      layout_basic, dreamdust_ecumenical_altar_drowned_temple,
          serial_co_window_serial, co_window_corner_a, co_window_corner_a,
          co_window_corner_a, co_window_corner_a, co_window_of_opportunity_a,
          co_window_broadway_b, co_window_broadway_c, co_window_unsneaky_path_d,
          co_window_corner_b, co_window_paths_e, co_window_4corner_a,
          glass_columns_c, glass_columns_a, glass_columns_a, glass_columns_a,
          glass_columns_c
D:3:      cheibrodos_greedy_goblins, layout_basic,
          gammafunk_temple_overflow_statue
D:4:      layout_rooms, gammafunk_ghost_grave, uniq_eustachio,
          uniq_blork_the_orc
D:5:      layout_basic, mainiacjoe_overflow_tiny_flanked, makhleb_grotto_becter,
          hex_intersection, fountainhead, uniq_sigmund
D:6:      layout_layer_cave, minmay_temple_entry_poolview,
          minmay_misc_feat_plants
D:7:      layout_gridville, nicolae_shop_overcharged_wands,
          uniq_crazy_yiuf_cottage, uniq_duvessa, uniq_pikel
Temple:   lightli_temple_of_artemis

Skill      XL: |  1  2  3  4  5  6  7  8  9 |
---------------+----------------------------+-----
Earth Magic    | 3 4 |  4.3
Unarmed Combat | 1 2 3 |  3.7
Dodging        | 2 3 4 5 |  5.2
Maces & Flails | 1 3 5 6 |  6.8
Fighting       | 1 2 3 |  3.8
Spellcasting   | 2 |  2.4
Stealth        | 2 |  2.5
Transmutations | |  0.6

Action                   |  1- 3 |  4- 6 |  7- 9 || total
-------------------------+-------+-------+-------++-------
Melee: Unarmed           |   125 |    36 |       ||   161
       Punch             |     1 |     2 |     8 ||    11
       Whip              |       |    96 |   239 ||   335
 Cast: Sandblast         |     2 |     2 |    27 ||    31
  Use: Potion            |       |       |     2 ||     2
 Stab: Sleeping          |     1 |     1 |     2 ||     4
Armor: Robe              |    51 |    47 |   109 ||   207
       Skin              |       |       |     6 ||     6
Dodge: Dodged            |    47 |    70 |   130 ||   247
